 Dungeon Crawl Stone Soup version 0.31-a0-369-g8eba5f6939 (webtiles) character file.

Game seed: 9823403721248491055

1337 Dordric the Fighter (level 8, 0/101 HPs)
             Began as an Ogre Berserker on July 28, 2023.
             Was a Priest of Trog.
             Slain by an orc warrior
             ... wielding a +0 halberd
              (4 damage)
             ... on level 7 of the Dungeon.
             The game lasted 00:07:51 (5488 turns).

Dordric the Fighter (Ogre Berserker)                Turns: 5488, Time: 00:07:51

Health: 0/101      AC:  4    Str: 22    XL:     8   Next: 61%
Magic:  8/8        EV: 10    Int:  8    God:    Trog [***...]
Gold:   253        SH:  0    Dex: 10    Spells: 7/7 levels left

rFire   . . .        f - +2 mace (protect)
rCold   . . .        (no shield)
rNeg    . . .        b - +1 animal skin
rPois   .            (helmet restricted)
rElec   .            (no cloak)
rCorr   .            (gloves unavailable)
SInv    .            (boots unavailable)
Will    +++..        g - amulet of the acrobat
Stlth   +            h - ring of willpower
HPRegen 1.36/turn    (no ring)
MPRegen 0.11/turn

%: acrobat
@: strong-willed, on berserk cooldown, regenerating, studying Fighting
A: large, unfitting armour, tough skin 1
a: Renounce Religion, Berserk, Trog's Hand


You were on level 7 of the Dungeon.
You worshipped Trog.
Trog was most pleased with you.
You visited 1 branch of the dungeon, and saw 8 of its levels.
You also visited: Sewer.

You collected 253 gold pieces.

Inventory:

Hand Weapons
 a - a +0 mace of freezing
 f - a +2 mace of protection (weapon)
 k - the +1 quarterstaff of the Smoking Wolf {pain, Str+3 Dex+4}
   (You took it off a goblin on level 2 of the Dungeon)

   Str:       It affects your strength (+3).
   Dex:       It affects your dexterity (+4).
Armour
 b - a +1 animal skin (worn)
Jewellery
 e - a ring of ice
 g - an amulet of the acrobat (around neck)
 h - a ring of willpower (left hand)
Wands
 v - a wand of roots (6)
Scrolls
 c - a scroll of enchant weapon
 d - a scroll of revelation
 o - a scroll of teleportation {unknown}
 q - a scroll of immolation {unknown}
 u - a scroll of identify
 w - a scroll of fog
Potions
 i - 2 potions of heal wounds {unknown}
 j - 3 potions of mutation
 m - a potion of enlightenment {unknown}
 n - 6 potions of curing {unknown}
 p - a potion of brilliance {unknown}
 r - a potion of cancellation {unknown}
 s - a potion of lignification {unknown}
 t - 2 potions of resistance {unknown}


   Skills:
 + Level 12.5 Fighting
 + Level 7.1 Maces & Flails
 - Level 2.6 Dodging


You had 7 spell levels left.
You didn't know any spells.
Your spell library was empty.

Dungeon Overview and Level Annotations

Branches:
Dungeon (8/15)             Temple (0/1) D:4           Sewer (visited)
   Lair: D:8-11

Altars:
Hepliaklqana

Shops:
D:4 (*

Annotations:
D:5 3 runed translucent doors, otakuarchivist's ghost, novice MiFi


Innate Abilities, Weirdness & Mutations

You are too large for most types of armour.
You have tough skin. (AC +1)


Message History

The grasping roots constrict the orc warrior.
The roots release their grip on the orc warrior.
The orc warrior completely misses you.
Aiming: Fastroot
Press: ? - help, Shift-Dir - straight line, f/p - orc warrior
Aim: an orc warrior, wielding a +0 halberd and wearing a +0 plate armour (moderately wounded)
The roots erupt in riotous growth!
Roots grab the orc warrior.
Roots grab the orc.
The grasping roots constrict the orc warrior.
The grasping roots constrict the orc.
You kill the orc!
Trog accepts your kill. The orc warrior barely misses you.
The orc warrior closely misses you.
The grasping roots constrict the orc warrior.
The roots release their grip on the orc warrior.
The orc warrior hits you from afar with a +0 halberd!
* * * LOW HITPOINT WARNING * * *
You feel yourself speed up.
Aiming: Fastroot
Press: ? - help, Shift-Dir - straight line, f/p - orc warrior
Aim: an orc warrior, wielding a +0 halberd and wearing a +0 plate armour (heavily wounded)
The roots erupt in riotous growth!
Roots grab the orc warrior.
The grasping roots constrict the orc warrior.
The orc warrior hits you from afar with a +0 halberd.
* * * LOW HITPOINT WARNING * * *
Your skin crawls.
You feel strong-willed.
The grasping roots constrict the orc warrior.
The roots release their grip on the orc warrior.
The orc warrior hits you from afar with a +0 halberd!
* * * LOW HITPOINT WARNING * * *
Aiming: Fastroot
Press: ? - help, Shift-Dir - straight line, f/p - orc warrior
Aim: an orc warrior, wielding a +0 halberd and wearing a +0 plate armour (severely wounded)
The roots erupt in riotous growth!
Roots grab the orc warrior.
The grasping roots constrict the orc warrior, but do no damage.
The orc warrior hits you from afar with a +0 halberd.
You die...

#####
#...#
#@# #.#
#o# #.#
#.# #.#
#)# #
#.# .#
#)####.#


You could see an orc warrior (rooted).

Vanquished Creatures
  Eustachio (D:6)
  2 black bears
  An ice beast (D:5)
  2 centaurs (D:4)
  A bullfrog (D:5)
  A kobold brigand (Sewer)
  A scorpion (D:6)
  A howler monkey (D:5)
  An orc priest (D:4)
  A gnoll bouda (D:5)
  A hound (D:5)
  Natasha (twice) (D:3)
  6 iguanas
  2 orc wizards
  3 gnolls (D:5)
  A river rat (D:4)
  6 adders
  A worm (D:4)
  2 dart slugs
  16 orcs
  8 ball pythons
  3 bats
  7 endoplasms
  5 giant cockroaches
  6 goblins
  6 hobgoblins
  4 quokkas
  2 frilled lizards (D:3)
  8 kobolds
  12 rats
113 creatures vanquished.

Notes
Turn   | Place    | Note
-------+----------+-------------------------------------------
     0 | D:1      | Dordric the Ogre Berserker began the quest for the Orb.
     0 | D:1      | Reached XP level 1. HP: 24/24 MP: 1/1
    83 | D:1      | Reached XP level 2. HP: 20/33 MP: 2/2
   383 | D:1      | Reached ** piety under Trog
   614 | D:2      | Reached XP level 3. HP: 38/41 MP: 3/3
   828 | D:2      | Reached skill level 5 in Fighting
  1170 | D:2      | Reached XP level 4. HP: 49/50 MP: 4/4
  1254 | D:2      | Identified the +1 quarterstaff of the Smoking Wolf {pain,
                  | Str+3 Dex+4}
  1722 | D:3      | Noticed Natasha
  1727 | D:3      | Killed Natasha
  1811 | D:3      | Reached *** piety under Trog
  1881 | D:3      | Noticed Natasha
  1891 | D:3      | Killed Natasha
  1892 | D:3      | Reached skill level 6 in Fighting
  1892 | D:3      | Reached XP level 5. HP: 48/59 MP: 5/5
  2070 | D:3      | You fall into a shaft and drop 1 floor!
  2079 | D:4      | Noticed a centaur
  2079 | D:4      | Noticed a centaur
  2085 | D:4      | Killed a centaur
  2087 | D:4      | Killed a centaur
  2088 | D:4      | Reached skill level 7 in Fighting
  2088 | D:4      | Reached XP level 6. HP: 71/71 MP: 6/6
  2246 | D:4      | Found a glowing drain.
  2252 | Sewer    | Entered a sewer
  2406 | Sewer    | Reached skill level 5 in Maces & Flails
  2434 | Sewer    | Reached skill level 8 in Fighting
  3009 | D:4      | Reached XP level 7. HP: 77/80 MP: 7/7
  3060 | D:4      | Found a staircase to the Ecumenical Temple.
  3072 | D:4      | Found Vun Suy's Weapon Emporium.
  3183 | D:4      | Found Mycas's General Store.
  3469 | D:5      | Entered Level 5 of the Dungeon
  3469 | D:5      | Found a runed translucent gate.
  3469 | D:5      | Found a runed translucent gate.
  3469 | D:5      | Found a runed translucent gate.
  3470 | D:5      | Noticed otakuarchivist's ghost (novice MiFi)
  3473 | D:5      | Noticed a gargoyle
  3639 | D:5      | Reached skill level 9 in Fighting
  3997 | D:5      | Reached skill level 10 in Fighting
  4498 | D:5      | Reached skill level 11 in Fighting
  4498 | D:5      | Reached XP level 8. HP: 68/97 MP: 8/8
  4914 | D:6      | Noticed Eustachio
  4945 | D:6      | Killed Eustachio
  4995 | D:6      | Reached skill level 12 in Fighting
  5318 | D:6      | Found a hazy altar of Hepliaklqana.
  5487 | D:7      | HP: 2/101 [orc warrior/+0 halberd (7)]
  5488 | D:7      | Slain by an orc warrior

Illustrated notes

Levels and vault maps discovered:
D:1:      saegor_arrival_simple_b, layout_rooms, hangedman_glass_teeth
D:2:      minmay_skewed_foursquare, layout_basic, serial_aquarium,
          aquarium_bridge_square [aquarium_subvault_wall,
          aquarium_subvault_wall, aquarium_subvault_bridge,
          aquarium_subvault_wall], aquarium_window_1, aquarium_window_2,
          aquarium_window_corridor_3, aquarium_window_fake, aquarium_view_2g,
          aquarium_pool_side
D:3:      layout_loops_cross, kennysheep_generic_room_7, uniq_natasha
D:4:      layout_basic, minmay_temple_entry_proselytizer,
          gup_sewer_entry_bubbles, nicolae_stop_n_shop_2, nicolae_stop_n_shop_2,
          minmay_misc_feat_encased, minmay_manual_mares
D:5:      layout_loops_corners, gammafunk_ghost_split, dk_noncrumbling_2
D:6:      layout_basic, nicolae_hepliaklqana_hippocampus, uniq_eustachio
D:7:      kennysheep_big_flooded_room, layout_basic,
          mainiacjoe_overflow_tiny_flanked, serial_shops,
          nicolae_lakefront_shop, uniq_crazy_yiuf_cottage
D:8:      layout_rooms, serial_ice, serial_ice_j, serial_ice_f, serial_ice_o,
          serial_ice_c, serial_ice_h, serial_ice_e, serial_ice_a, serial_ice_m,
          serial_ice_d, serial_ice_b, serial_shops, nicolae_shop_hallway_stairs,
          st_stairs_7, interstate_on_off, uniq_psyche

Skill      XL: |  1  2  3  4  5  6  7  8 |
---------------+-------------------------+-----
Maces & Flails | 3 4 5 6 7 |  7.1
Fighting       | 5 6 7 8 11 12 | 12.5
Dodging        | |  2.6

Action                     |  1- 3 |  4- 6 |  7- 9 || total
---------------------------+-------+-------+-------++-------
  Melee: Mace              |    94 |    30 |   173 ||   297
         Quarterstaff      |       |   121 |       ||   121
         Punch             |       |       |     2 ||     2
 Invoke: Berserk           |       |     1 |     4 ||     5
         Trog's Hand       |       |       |     1 ||     1
  Evoke: Wand              |       |       |     4 ||     4
    Use: Scroll            |       |     9 |     2 ||    11
   Stab: Sleeping          |       |     1 |     1 ||     2
 Armour: Animal skin       |    29 |    38 |    75 ||   142
  Dodge: Dodged            |    94 |    80 |   122 ||   296

Table legend: (Time is in decaauts)
 A = Elapsed time spent in this place.
 B = Non-inter-level travel time spent in this place.
 C = Inter-level travel time spent in this place.
 D = Time resting spent in this place.
 E = Time spent auto-exploring this place.
 F = Levels seen in this place.
 G = Mean time per level.
                   A        B        C        D        E       F      G
               +--------+--------+--------+--------+--------+-----+--------+
         Total |   5592 |   5428 |    164 |    386 |   4057 |   9 |  621.3 |
       Dungeon |   5030 |   4866 |    164 |    259 |   3782 |   8 |  628.8 |
         Sewer |    562 |    562 |      0 |    127 |    275 |   1 |  562.0 |
               +--------+--------+--------+--------+--------+-----+--------+

Top non-repeatable levels by time:
     D:5: 1269 daAuts
     D:2: 1118 daAuts
     D:4: 858 daAuts
     D:6: 750 daAuts
     D:1: 617 daAuts
   Sewer: 562 daAuts
     D:3: 367 daAuts
     D:7: 46 daAuts
     D:8: 2 daAuts
